 Dungeon Crawl Stone Soup version 0.22-a0-231-g1b571ea (webtiles) character file.

30 wolfsongas the Magician (level 3, 0/25 HPs)
             Began as a Gnoll Wanderer on Feb 21, 2018.
             Was a Follower of Sif Muna.
             Slain by chromaticdragonking's ghost (5 damage)
             ... on level 3 of the Dungeon.
             The game lasted 00:03:27 (1900 turns).

wolfsongas the Magician (Gnoll Wanderer)            Turns: 1900, Time: 00:03:28

Health: 0/25       AC:  7    Str: 11 (12) XL:     3   Next: 18%
Magic:  11/11      EV:  9    Int: 17 (18) God:    Sif Muna [*.....]
Gold:   107        SH:  4    Dex: 11 (13) Spells: 14/16 levels left

rFire    . . .     SeeInvis .   e - +3 dagger (venom)
rCold    . . .     Gourm    .   f - +0 buckler
rNeg     . . .     Faith    .   g - +1 ring mail
rPois    .         Spirit   .   (no helmet)
rElec    .         Reflect  .   m - +0 cloak (curse)
rCorr    .         Harm     .   (no gloves)
MR       .....                  (no boots)
Stlth    +.........             d - amulet of regeneration
HPRegen  0.48/turn              (no ring)
MPRegen  0.12/turn              (no ring)

@: divine energy
A: distributed training, fangs 1, strong nose
a: Stop Divine Energy, Renounce Religion


You were on level 3 of the Dungeon.
You worshipped Sif Muna.
Sif Muna was aware of your devotion.
You were not hungry.

You visited 1 branch of the dungeon, and saw 3 of its levels.

You collected 107 gold pieces.

Inventory:

Hand Weapons
 e - a +3 dagger of venom (weapon)
Armour
 f - a +0 buckler (worn)
 g - a +1 ring mail (worn)
 m - a cursed +0 cloak (worn)
Jewellery
 d - an amulet of regeneration (around neck)
Scrolls
 h - 2 scrolls of remove curse
 j - a scroll of teleportation
Potions
 c - a potion of degeneration
 i - a potion of curing
 k - a potion of flight
Comestibles
 a - 2 rations


   Skills:
 + Level 0.6 Fighting
 + Level 0.6 Short Blades
 + Level 0.6 Long Blades
 + Level 0.6 Axes
 + Level 0.6 Maces & Flails
 + Level 0.6 Polearms
 + Level 0.6 Staves
 + Level 0.6 Slings
 + Level 0.6 Bows
 + Level 0.6 Crossbows
 + Level 0.6 Throwing
 + Level 0.6 Armour
 + Level 0.6 Dodging
 + Level 2.3 Stealth
 + Level 2.5 Shields
 + Level 0.6 Unarmed Combat
 + Level 7.1 Spellcasting
 + Level 0.4 Conjurations
 + Level 0.4 Hexes
 + Level 5.4 Charms
 + Level 0.4 Summonings
 + Level 3.7 Necromancy
 + Level 0.4 Translocations
 + Level 0.4 Transmutations
 + Level 0.4 Fire Magic
 + Level 0.4 Ice Magic
 + Level 0.4 Air Magic
 + Level 0.4 Earth Magic
 + Level 0.4 Poison Magic
 + Level 0.8 Invocations
 + Level 0.6 Evocations


You had 14 spell levels left.
You knew the following spells:

 Your Spells              Type           Power        Failure   Level  Hunger
a - Beastly Appendage     Tmut           #.....       26%         1    None
b - Magic Dart            Conj           #...         26%         1    None


Dungeon Overview and Level Annotations

Branches:
Dungeon (3/15)

Altars:
Sif Muna

Annotations:
D:3 chromaticdragonking's ghost, weakling MfGl


Innate Abilities, Weirdness & Mutations

Your experience applies equally to all skills.
You have very sharp teeth.
Your uncanny sense of smell can sniff out nearby items.


Message History

* * * LOW HITPOINT WARNING * * *
You closely miss chromaticdragonking's ghost.
Your bite misses chromaticdragonking's ghost.
Chromaticdragonking's ghost is heavily damaged.
Chromaticdragonking's ghost hits you but does no damage.
You closely miss chromaticdragonking's ghost.
Your bite misses chromaticdragonking's ghost.
Chromaticdragonking's ghost is heavily damaged.
You block chromaticdragonking's ghost's attack.
You hit chromaticdragonking's ghost.
Chromaticdragonking's ghost is heavily damaged.
Chromaticdragonking's ghost hits you.
* * * LOW HITPOINT WARNING * * *
You hit chromaticdragonking's ghost.
Chromaticdragonking's ghost is severely damaged.
Chromaticdragonking's ghost hits you but does no damage.
You hit chromaticdragonking's ghost.
Chromaticdragonking's ghost is severely damaged.
Chromaticdragonking's ghost hits you.
You die...

#. #.# #.# ##
#.# #.# #.#
##.# #.#
#.#.#W# ∆
##.#@# #.#.#.#
#######.#.#.#
#......#.#.#.#
#.#####.#.#.#.#
#.# #.#.#.#.#
#.# ########
#.# #.#######


You could see chromaticdragonking's ghost.

Vanquished Creatures
  A leopard gecko (D:1)
  3 bats
  2 giant cockroaches
  3 goblins
  3 hobgoblins
  5 jackals
  4 kobolds
  3 frilled lizards
  3 rats
27 creatures vanquished.

Notes
Turn   | Place    | Note
-------+----------+-------------------------------------------
     0 | D:1      | wolfsongas the Gnoll Wanderer began the quest for the Orb.
     0 | D:1      | wolfsongas set off with: a ration, a +0 robe, a +0 dagger
     0 | D:1      | Reached XP level 1. HP: 13/13 MP: 8/8
   102 | D:1      | Learned a level 1 spell: Beastly Appendage
   104 | D:1      | Learned a level 1 spell: Magic Dart
   498 | D:1      | Reached XP level 2. HP: 14/19 MP: 8/10
  1084 | D:2      | Found a faded altar of an unknown god.
  1093 | D:2      | Became a worshipper of Sif Muna the Loreminder
  1093 | D:2      | Reached * piety under Sif Muna
  1261 | D:2      | Reached XP level 3. HP: 25/25 MP: 11/11
  1873 | D:3      | Noticed chromaticdragonking's ghost (weakling MfGl)
  1900 | D:3      | Slain by chromaticdragonking's ghost

Vault maps used:
D:1:      minmay_arrival_statue_studded, minmay_door_square
D:2:      chequers_ecumenical_altar_simple
D:3:      lemuel_coloured_pillars_altar, minmay_misc_feat_plants, uniq_natasha

Action                   || total
-------------------------++-------
Melee: Dagger            ||    90
       Headbutt          ||     2
       Kick              ||     1
       Bite              ||     3
 Cast: Beastly Appendage ||     2
Invok: Divine Energy     ||     1
  Use: Scroll            ||     8
       Potion            ||     2
 Stab: Sleeping          ||     2
  Eat: Ration            ||     1
       Chunk             ||     1
Armor: Robe              ||     6
       Ring mail         ||    20
Dodge: Dodged            ||    51
Block: Buckler           ||    13

Table legend:
 A = Spawn XP
 B = Non-spawn XP
 C = Spawn XP percentage of total XP
 D = Spawn monster count
 E = Non-spawn monster count
 F = Spawn count percentage of total count
 G = Total turns spent on level
                    A         B        C        D         E        F      G
               +---------+---------+-------+---------+---------+-------+---------
         Total |       0 |      43 |   0.0 |       0 |      27 |   0.0 |  1900
               +---------+---------+-------+---------+---------+-------+---------
           D:1 |       0 |      27 |   0.0 |       0 |      16 |   0.0 |  1052
           D:2 |       0 |      15 |   0.0 |       0 |      10 |   0.0 |   756
           D:3 |       0 |       1 |   0.0 |       0 |       1 |   0.0 |    92
               +---------+---------+-------+---------+---------+-------+---------
